Map: Prion Terraces

Players

Cerebrate

  • Race: Zerg Zerg
  • League: Platinum

LilDicky - Winner!

  • Race: Terran Terran
  • League: Diamond

VOD

http://www.twitch.tv/tumescentpie

Description

Time

  • Played on: Dec. 6, 2015, 8:07 p.m.
  • Length: 8:12
Show
View Real Time Build Order
Export as new Build Order

Cerebrate Zerg 

Build Orders: Hatch First 

Get SALT Encoding   

  12  0:01  Drone  
  13  0:12  Overlord  
  13  0:17  Drone  
  14  0:30  Drone  
  14  0:31  Drone  
  14  0:34  Drone  
  17  0:57  Hatchery  
  16  1:08  Spawning Pool  
  15  1:17  Drone x2  
  15  1:18  Extractor  
  16  1:19  Drone  
  17  1:35  Drone  
  18  1:44  Overlord  
  18  1:55  Queen  
  18  2:00  Zergling x2  
  21  2:10  Hatchery  
  21  2:15  Baneling Nest  
  19  2:16  Drone  
  20  2:35  Queen  
  22  2:38  Metabolic Boost  
  22  2:39  Drone  
  22  2:42  Drone  
  24  2:46  Zergling x2  
  24  2:49  Zergling x2  
  26  2:53  Zergling x2  
  27  3:07  Overlord  
  27  3:11  Zergling x6  
  30  3:23  Drone  
  31  3:28  Queen  
  34  3:34  Drone  
  34  3:36  Baneling  
  34  3:43  Drone  
  35  3:49  Drone x5, Extractor  
  35  3:54  Drone  
  38  4:38  Zergling x2  
  38  4:39  Zergling x20  
  45  4:52  Drone x3  
  48  4:53  Lair  
  43  5:05  Baneling x2  
  43  5:06  Baneling  
  43  5:09  Zergling x2  
  43  5:13  Overlord  
  44  5:22  Overlord x2  
  44  5:23  Extractor  
  44  5:24  Overlord  
  36  5:38  Baneling  
  36  5:44  Drone  
  36  5:45  Drone x6  
  38  5:57  Drone  
  38  5:58  Drone  
  38  6:00  Drone  
  38  6:03  Spire  
  40  6:05  Roach Warren  
  40  6:07  Queen  
  40  6:09  Queen  
  43  6:13  Spine Crawler x2  
  43  6:15  Spine Crawler  
  40  6:20  Spore Crawler  
  40  6:22  Drone, Spine Crawler  
  36  6:48  Roach  
  36  6:49  Roach x5  
  45  7:17  Mutalisk  
  45  7:18  Mutalisk  
  45  7:21  Mutalisk  
  45  7:22  Mutalisk x2  
  46  7:23  Mutalisk  
Show
View Real Time Build Order
Export as new Build Order

LilDicky Terran - Winner!

Build Orders: Liberator Opening 

Get SALT Encoding   

  12  0:02  SCV  
  13  0:14  SCV  
  13  0:20  Supply Depot  
  14  0:26  SCV  
  15  0:37  Refinery  
  15  0:42  SCV  
  16  0:49  Barracks  
  16  0:55  SCV  
  17  1:07  SCV  
  18  1:19  SCV  
  19  1:27  Refinery  
  20  1:36  Marine  
  20  1:37  Supply Depot  
  20  1:38  Orbital Command  
  20  1:43  Factory  
  20  2:09  SCV  
  20  2:13  Barracks Reactor  
  20  2:15  Supply Depot  
  21  2:21  SCV  
  22  2:30  Armory  
  22  2:33  SCV  
  22  2:34  Starport  
  23  2:38  Factory Tech Lab  
  23  2:46  Supply Depot  
  23  2:48  Marine  
  23  2:49  Marine  
  25  2:53  SCV  
  26  3:05  SCV  
  27  3:06  Marine  
  27  3:07  Marine  
  29  3:17  Thor  
  35  3:23  SCV  
  35  3:24  Marine  
  37  3:34  Medivac  
  37  3:38  SCV  
  40  3:42  Marine  
  40  3:43  Marine  
  40  3:47  Supply Depot  
  42  3:50  SCV  
  42  3:51  Liberator  
  43  4:00  Marine  
  43  4:01  Marine  
  43  4:02  SCV  
  45  4:43  Liberator  
  45  4:56  Marine x2  
  46  5:04  SCV  
  50  5:10  Command Center  
  50  5:14  Marine x2  
  50  5:16  Command Center  
  43  5:38  Liberator  
  43  5:41  Marine x2  
  44  5:53  SCV  
  44  5:54  Siege Tank  
  51  6:03  Command Center  
  51  6:04  Marine x2  
  51  6:05  SCV  
  54  6:17  SCV  
  55  6:22  Marine x2  
  57  6:29  SCV  
  58  6:41  SCV  
  58  6:46  SCV  
  60  6:55  Thor  
  66  7:07  SCV  
  67  7:12  Marine x2  
  67  7:13  Engineering Bay  
  67  7:14  Medivac  
Tags
 
Add a new tag
Caveats
  • Supply blocks, unpowered buildings, or Contaminate may cause inaccurate times.
  • Supply counts are checked every 10 seconds.